 Dungeon Crawl Stone Soup version 0.31.0-11-ge490571c62 (webtiles) character file.

Game seed: 8568330164777863996

9 Daunt the Trooper (level 2, -3/16 HPs)
             Began as a Vine Stalker Fighter on Jan 28, 2024.
             Succumbed to a kobold's poison
             ... on level 1 of the Dungeon.
             The game lasted 00:01:06 (144 turns).

Daunt the Trooper (Vine Stalker Fighter)             Turns: 144, Time: 00:01:07

Health: -3/16      AC:  7    Str: 18    XL:     2   Next: 16%
Magic:  3/3        EV:  9    Int:  8    God:
Gold:   28         SH:  4    Dex: 13    Spells: 1/1 levels left

rFire   . . .        a - +0 war axe
rCold   . . .        c - +0 buckler
rNeg    . . .        b - +0 scale mail
rPois   .            (no helmet)
rElec   .            (no cloak)
rCorr   .            (no gloves)
SInv    .            f - +0 pair of boots
Will    .....        (no amulet) Stlth
                     (no ring)
HPRegen 1.02/turn    (no ring)
MPRegen 0.08/turn

%: guardian spirit
@: lethally poisoned (-3 -> -18)
A: fangs 2, regeneration 1, magic shield, antimagic bite, no potion heal 2
a: no special abilities


You were on level 1 of the Dungeon.
You visited 1 branch of the dungeon, and saw 2 of its levels.

You collected 28 gold pieces.

Inventory:

Hand Weapons
 a - a +0 war axe (weapon)
Missiles
 e - 2 stones (quivered)
Armour
 b - a +0 scale mail (worn)
 c - a +0 buckler (worn)
 f - a +0 pair of boots (worn)
Scrolls
 g - a scroll of identify {unknown}
Potions
 d - a potion of might
 h - 2 potions of cancellation {unknown}


   Skills:
 + Level 2.9 Fighting
 * Level 2.3 Axes
 - Level 2.4 Armour
 - Level 2.6 Shields


You had one spell level left.
You didn't know any spells.
Your spell library was empty.

Dungeon Overview and Level Annotations

Branches:
Dungeon (2/15)

Altars:
Trog


Innate Abilities, Weirdness & Mutations

You have extremely sharp teeth.
Your natural rate of healing is unusually fast.
When hurt, damage is shared between your health and your magic reserves.
Your bite disrupts and absorbs the magic of your enemies.
Potions cannot restore your health.


Message History

You climb upwards.
The kobold shouts!
The goblin shouts!
A kobold comes into view. It is wielding a +0 dagger.
The kobold barely misses you.
There is a stone staircase leading down here.
You hit the kobold.
The kobold is moderately wounded.
The kobold closely misses you.
You completely miss the kobold. You bite the kobold, but do no damage.
The kobold is moderately wounded.
The kobold hits you with a +2 short sword of venom.
You are poisoned.
The kobold hits you but does no damage.
You are lethally poisoned!
You barely miss the kobold. Your bite misses the kobold.
The kobold is moderately wounded.
You hit the goblin but do no damage.
You feel extremely sick. The kobold hits you but does no damage.
The goblin hits you but does no damage.
Press: ? - help, v - describe, . - travel
Here: a kobold, wielding a +2 short sword of venom and quivering stones (moderately wounded)
The floor.
Unknown command.
Unknown command.
You closely miss the kobold. Your bite misses the kobold.
The kobold is moderately wounded.
You hit the goblin.
* * * LOW HITPOINT WARNING * * *
You feel very sick.
The kobold hits you with a +2 short sword of venom.
* * * LOW HITPOINT WARNING * * *
You are more poisoned.
The goblin barely misses you. The kobold hits you but does no damage.
You are more poisoned.
The goblin closely misses you. You block the kobold's attack.
Unknown command.
You closely miss the kobold.
The kobold is moderately wounded.
You hit the goblin. You miss the kobold.
You die...

....#.#
...#.#
#..#.##
.....####
###.......
#.......#
#.#.#..K..#.#
......g@K...#
..........###
#.#.##....#
.. #....# #
#....# .....#
##.... ##.###


You could see a goblin and 2 kobolds.

Vanquished Creatures
  A dart slug (D:1)
  An endoplasm (D:1)
  A giant cockroach (D:2)
  A goblin (D:1)
  A quokka (D:1)
  A frilled lizard (D:1)
  A kobold (D:1)
7 creatures vanquished.

Notes
Turn   | Place    | Note
-------+----------+-------------------------------------------
     0 | D:1      | Daunt the Vine Stalker Fighter began the quest for the Orb.
     0 | D:1      | Reached XP level 1. HP: 11/11 MP: 2/2
   117 | D:1      | Reached XP level 2. HP: 16/16 MP: 1/3
   122 | D:2      | Found a bloodstained altar of Trog.
   144 | D:1      | Succumbed to a kobold's poison

Illustrated notes

Levels and vault maps discovered:
D:1:      sevenhm_arrival_forest_fort_large_4, layout_basic, serial_shops,
          nicolae_shop_rolled_up
D:2:      layout_loops_ring, basic_altar, uniq_crazy_yiuf_cottage

Skill      XL: |  1 |
---------------+----+-----
Axes           | 2 |  2.3
Fighting       | |  2.9
Armour         | |  2.4
Shields        | |  2.6

Action                     || total
---------------------------++-------
  Melee: War axe           ||    21
         Bite              ||     5
 Armour: Scale mail        ||    14
  Dodge: Dodged            ||    16
  Block: Buckler           ||     7
